← All builds
Suicide front / Cortex / Economy first / OBSERVED BUILD

Standard suicide front

Cortex Suicide front build order · Supreme Isthmus

The role's baseline economy-first play: fast Bot Lab, early Advanced Metal Extractor, and a Thug/Grunt/Aggravator mix pushed to hold the middle while teching up.

#raid #push · 1050 distinct matches · 184 players · 73% of Cortex Suicide front games · team won 57% of 1119 · Recently observed

HOW TO PLAY IT

Key timing: Bot Lab by 0:39

  1. Open 3 mex, then rush Bot Lab almost immediately.
  2. Finish Bot Lab and start pushing Thug, Grunt, Aggravator.
  3. Send units straight to middle to contest and stop leaks.
  4. Eat the Bot Lab for metal if 32% of games reach that point.
  5. Transition into Advanced Metal Extractor once middle is stable.

Phase by phase

TYPICAL OF ITS 1050 GAMES
  1. 1
  2. 2
  3. 3
PLAY THE OPENING

Follow the example game's first 6:00 step by step: what to build now, what comes next, and where it goes. At 1× it keeps pace with your own game.

  1. 1

    Up to the Bot Lab

    Economy
    • Metal Extractor2Mex
    Order
    1. Bot LabBot Lab after 2 mexdone ~0:37, middle half 0:27–0:45

    By 0:21 in all: 2 mex

    The example game in this phase · 3 steps
    1. Mex
    2. Wind
    3. Bot LabBot Labdone 0:33 · typical 0:37
  2. 2

    Bot Lab to 5:00

    Economy
    • Metal Extractor3Mex
    • Wind Turbine2Wind
    Builders
    • Graverobber4 Graverobber
    • Construction Bot3 Con bot
    Army
    • Guard3 Guard
    • Thug16 Thug
    • Grunt3 Grunt
    Other
    • Radar Tower1 Radar Tower

    Some games also: aggravator (38%) · con turret (30%)

    By 5:00 in all: 5 mex · 3 wind

    The example game in this phase · 30 steps
    1. GraverobberGraverobber
    2. GruntGrunt
    3. Construction BotCon bot ×2
    4. GruntGrunt
    5. Mex
    6. ThugThug ×2
    7. Mex
    8. Radar TowerRadar Tower
    9. Construction BotCon bot
    10. Mex
    11. AggravatorAggravator
    12. Mex
    13. Wind
    14. AggravatorAggravator
    15. GuardGuard
    16. AggravatorAggravator
    17. GuardGuard
    18. AggravatorAggravator ×2
    19. Wind
    20. AggravatorAggravator
    21. Solar
    22. GraverobberGraverobber
    23. ThugThug
    24. AggravatorAggravator ×5
    25. GraverobberGraverobber
    26. WardenWarden
    27. ThugThug
    28. AggravatorAggravator ×2
    29. WardenWarden
    30. AggravatorAggravator
  3. 3

    5:00 to 10:00

    Economy
    • Metal Extractor1Mex
    • Wind Turbine12Wind
    Builders
    • Construction Turret1 Con turret
    • Graverobber3 Graverobber
    • Construction Bot1 Con bot
    Army
    • Guard1 Guard
    • Thug11 Thug
    • Grunt1 Grunt

    Some games also: aggravator (42%) · Radar Tower (39%) · energy storage (37%) · Twin Guard (31%)

    By 10:00 in all: 6 mex · 16 wind · 2 con turret

    The example game in this phase · 81 steps
    1. AggravatorAggravator ×2
    2. GraverobberGraverobber
    3. ThugThug
    4. GraverobberGraverobber ×2
    5. WardenWarden
    6. AggravatorAggravator ×3
    7. Construction BotCon bot ×2
    8. AggravatorAggravator
    9. Construction BotCon bot ×2
    10. Advanced Metal ExtractorT2 mexdone 8:12
    11. GraverobberGraverobber
    12. ThugThug
    13. AggravatorAggravator ×4
    14. GraverobberGraverobber
    15. ThugThug
    16. AggravatorAggravator ×4
    17. Advanced Metal ExtractorT2 mex
    18. Construction BotCon bot ×2
    19. Advanced Metal ExtractorT2 mex
    20. GraverobberGraverobber
    21. ThugThug
    22. Advanced Metal ExtractorT2 mex
    23. Con turret
    24. GruntGrunt
    25. Con turret
    26. GruntGrunt
    27. Con turret
    28. GruntGrunt
    29. Con turret
    30. GruntGrunt
    31. Solar ×2
    32. Con turret
    33. Solar ×2
    34. PersecutorPersecutordone 11:58
    35. GruntGrunt
    36. Solar ×3
    37. Bot LabEat Bot Labreclaimed for its metal
    38. Solar
    39. Advanced solar
    40. Bot LabBot Labdone 12:24
    41. Energy storage
    42. GruntGrunt ×2
    43. Advanced solar
    44. GruntGrunt ×6
    45. CatalystCatalystdone 13:36
    46. GruntGrunt ×2
    47. Advanced solar
    48. GruntGrunt
    49. ThistleThistle ×3
    50. GruntGrunt ×2
    51. ThistleThistle ×2
    52. GruntGrunt
    53. GuardGuard
    54. GruntGrunt
    55. Advanced solar
    56. GruntGrunt ×2
    57. Wind
    58. GruntGrunt
    59. Con turret
    60. GuardGuard
    61. GruntGrunt
    62. Con turret
    63. GruntGrunt ×2
    64. Wind
    65. GruntGrunt
    66. Con turret
    67. Advanced solar
    68. GruntGrunt ×5
    69. Wind
    70. GruntGrunt ×8
    71. Wind
    72. GruntGrunt ×2
    73. Dragon's TeethDragon's Teeth
    74. GruntGrunt
    75. Dragon's TeethDragon's Teeth
    76. GruntGrunt
    77. Advanced solar
    78. GruntGrunt ×2
    79. PersecutorPersecutor
    80. Dragon's TeethDragon's Teeth
    81. GruntGrunt ×2

Counts are medians over the build's games: half of them build more, half fewer. The example game is RockFish's (35 OS, 10/10/2026); pick another.

Team trades

IN AT LEAST 30% OF ITS GAMES

You hand over

Nothing regular.

You get

  • Tidal Generator4 Tidal from Pondfirst at 0:11 · in 69% of games
  • Advanced Construction Bot1 T2 con bot from Geo or Techfirst at 7:45 · in 55% of games

How it plays out

Typical game of this build, running totals by minute

Metal produced

010k20k
0:005:0010:0015:00

metal

Enemy metal destroyed

05k10k
0:005:0010:0015:00

metal

Own metal lost

05k10k
0:005:0010:0015:00

metal

1119 games.

Show as table
ByMetal produced: This buildEnemy metal destroyed: This buildOwn metal lost: This build
1:0033000
2:0094400
3:002036216172
4:003125732630
5:00427815401402
6:00546125052338
7:00663636153317
8:00782645594355
9:00894052905260
10:001020559976154
11:001156865526943
12:001314070167723
13:001475277528382
14:001638483308916
15:001778589619568
WHAT THE NUMBERS SAY

This baseline wins more often than most other roles' standard builds, with early aggression showing in high kills and losses alike.

  • + Team wins 54% of games, best winrate among the roles shown.
  • + First kill lands very early at 2:07 in all games.
  • − Own metal lost is heavy early, 1439 by 5:00.
  • − Enemy destroyed stays close to own losses through 15:00, a costly front.
THE EXAMPLE YOU ARE READING

RockFish

35.0 OS · 10/10/2026

Open source match ↗

9 received units · includes a constructor
38 metal received · 70657 energy received

Allied construction assistance is unknown. Timings are observations, not a promise of solo reproducibility.

Typical milestones

Bot Lab0:37Middle 50%: 0:27–0:45 · n=1113
Advanced Metal Extractor9:59Middle 50%: 8:59–11:14 · n=699

Played most by

XXMACGAMERXX135games of this build_Hawkey_70games of this build_X_61games of this buildrealisticjo52games of this buildAbyssFalcon46games of this build